Map: Tokamak LE

Players

kitune - Winner!

  • Race: Protoss Protoss
  • Spawn Location: 1:00

A.I. 2 (Very Easy)

  • Race: Protoss Protoss
  • Spawn Location: 7:00

VOD

Have the link to the VOD?

Description

Time

  • Played on: Aug. 6, 2025, 11 a.m.
  • Length: 5:57
Show
View Real Time Build Order
Export as new Build Order

kitune Protoss - Winner!

Build Orders:  

Get SALT Encoding   

  12  0:01  Probe  
  13  0:13  Probe  
  14  0:17  Pylon  
  14  0:25  Probe  
  15  0:36  Probe  
  15  0:38  Gateway  
  16  0:44  Probe  
  16  0:48  Assimilator  
  17  0:52  Probe  
  18  1:00  Assimilator  
  18  1:02  Probe  
  18  1:10  Probe  
  20  1:18  Probe  
  20  1:23  Gateway  
  21  1:30  Probe  
  22  1:37  Cybernetics Core  
  22  1:42  Probe  
  22  1:43  Pylon  
  24  2:01  Probe  
  23  2:12  Stalker x2  
  27  2:23  Warp Gate  
  27  2:34  Pylon  
  27  2:39  Stalker  
  27  2:40  Stalker  
  31  2:47  Robotics Facility  
  31  3:06  Stalker  
  31  3:07  Stalker  
  36  3:13  Gateway  
  36  3:19  Pylon  
  35  3:23  Warp Prism  
  37  4:15  Stalker x3  
  43  4:22  Pylon  
  43  4:41  Stalker x3  
  43  4:48  Stalker x3  
  49  4:54  Pylon  
  49  5:23  Stalker x3  
  55  5:46  Stalker x3  
  61  5:52  Pylon  
Show
View Real Time Build Order
Export as new Build Order

A.I. 2 (Very Easy) Protoss 

Build Orders:  

Get SALT Encoding   

  12  0:00  Probe  
  13  0:13  Probe  
  14  0:20  Pylon  
  14  0:36  Assimilator  
  14  0:43  Gateway  
  14  0:45  Pylon  
  14  1:15  Assimilator  
  14  1:24  Probe  
  14  1:30  Zealot  
  14  1:32  Probe  
  17  1:34  Cybernetics Core  
  18  1:40  Probe  
  19  1:51  Probe  
  20  2:00  Warp Gate, Probe  
  21  2:08  Probe  
  22  2:39  Stalker  
  24  5:04  Stalker  
  24  5:08  Pylon  
  20  5:32  Pylon  
  20  5:35  Probe  
  20  5:39  Cybernetics Core  
Tags
 
Matchup
PvP
Spawn Locations
Cross Positions
Add a new tag
Caveats
  • Supply blocks, unpowered buildings, or Contaminate may cause inaccurate times.
  • Supply counts are checked every 10 seconds.